 Dungeon Crawl Stone Soup version 0.18.1-48-g4cf74bf (webtiles) character file.

726 wamma the Ducker (level 7, 0/64 HPs)
             Began as a Deep Dwarf Berserker on Sept 13, 2016.
             Was a Priest of Trog.
             Killed from afar by an orc wizard (10 damage)
             ... with a puff of flame
             ... on level 4 of the Dungeon.
             The game lasted 00:17:49 (2573 turns).

wamma the Ducker (Deep Dwarf Berserker)             Turns: 2573, Time: 00:17:51

Health: 0/64       AC: 14    Str: 21    XL:     7   Next: 44%
Magic:  6/6        EV:  8    Int:  8    God:    Trog [***...]
Gold:   143        SH:  0    Dex: 13    Spells: 0 memorised, 6 levels left

rFire  . . .     SeeInvis .     a - +0 mace
rCold  . . .     Gourm    .     e - +0 plate armour
rNeg   . . .     Faith    .     (no shield)
rPois  .         Spirit   .     o - +1 helmet
rElec  .         Dismiss  .     (no cloak)
rCorr  .         Reflect  .     (no gloves)
SustAt .         Harm     .     (no boots)
MR     +++..                    n - amulet of magic regeneration
Stlth  ..........               (no ring)
                                j - ring of flight

@: non-regenerating, extremely resistant to hostile enchantments, extremely
unstealthy
A: damage resistance, recharge devices, sense surroundings 1, slow regeneration
3
a: Device Recharging, Berserk, Trog's Hand, Burn Spellbooks, Renounce Religion,
Evoke Flight


You were on level 4 of the Dungeon.
You worshipped Trog.
Trog was most pleased with you.
You were near starving.

You visited 1 branch of the dungeon, and saw 4 of its levels.

You collected 143 gold pieces.

Inventory:

Hand Weapons
 a - a +0 mace (weapon)
 f - a +0 giant club
 k - a cursed -2 club
Armour
 b - a +1 animal skin
 e - a +0 plate armour (worn)
 i - a +0 ring mail
 o - a +1 helmet (worn)
Jewellery
 j - a ring of flight (left hand)
 n - an amulet of magic regeneration (around neck)
Wands
 c - a wand of heal wounds (0/9)
Scrolls
 l - a scroll of identify
 p - a scroll of remove curse
 r - a scroll of fear {unknown}
Potions
 h - a potion of curing
 m - 2 potions of haste {unknown}
Comestibles
 d - 4 bread rations
 g - a beef jerky
 q - 5 chunks of flesh


   Skills:
 + Level 4.1 Fighting
 + Level 5.0 Maces & Flails
 + Level 5.0 Armour
 + Level 5.3 Dodging
 + Level 0.3 Stealth
 + Level 1.0 Evocations


You had 6 spell levels left.
You didn't know any spells.

Dungeon Overview and Level Annotations

Branches:
Dungeon (4/15)
 Temple: D:4-7

Altars:
Elyvilon


Innate Abilities, Weirdness & Mutations

You are resistant to damage.
You can recharge devices by infusing magical energy.
You passively map a small area around you.
You do not regenerate naturally.


Message History

The puff of flame misses you.
The puff of flame hits the gnoll.
The gnoll dies!
The orc priest calls down the wrath of Beogh upon you.
Beogh smites you!
* * * LOW HITPOINT WARNING * * *
Something hits you but does no damage.
You hear some strange, mumbled words.
A puff of frost appears from out of thin air!
The puff of frost hits you!
* * * LOW HITPOINT WARNING * * *
The orc priest hits you but does no damage.
You see here a halberd.
You hit the orc priest but do no damage.
You feel less exhausted. The orc priest completely misses you.
Something hits you but does no damage.
You hit the orc priest but do no damage.
You hear some strange, mumbled words.
A puff of flame appears from out of thin air!
The puff of flame hits you!
You die...

#.#####......#
#.#..........#
#######.#.###..(...# ,
#.......#........(.#*
##.####.#..#.......# *
##.#....#..##......#
#................###
...#.#....######)# , *
...#....#.#(...o@# *
*,,,
......#.#.#.............
......#.#.#..........#.#
....#.#,* #............#
, ...).<#
,#......#.#.### #.#####
,..........#.# * #.# *
#.......### # * *
#.########......##
#............ ,


You could see an orc priest.

Vanquished Creatures
  Grinder (D:3)
  An ice beast (D:4)
  An ogre (D:4)
  A howler monkey (D:3)
  2 orc wizards (D:3)
  A giant frog skeleton (D:4)
  A worker ant (D:4)
  Robin (D:3)
  3 gnolls (D:4)
  5 adders
  A worm (D:2)
  3 dart slugs
  A giant gecko (D:2)
  21 orcs
  A bat (D:1)
  4 giant cockroaches
  9 goblins
  10 hobgoblins
  2 jackals (D:2)
  A quokka (D:4)
  A ball python (D:2)
  7 giant newts
  8 kobolds
  2 rats
88 creatures vanquished.

Vanquished Creatures (others)
  A gnoll (D:4)
1 creature vanquished.

Grand Total: 89 creatures vanquished

Notes
Turn   | Place    | Note
--------------------------------------------------------------
     0 | D:1      | wamma the Deep Dwarf Berserker began the quest for the Orb.
     0 | D:1      | Reached XP level 1. HP: 20/20 MP: 1/1
   163 | D:1      | Reached XP level 2. HP: 27/27 MP: 2/2
   546 | D:2      | Reached XP level 3. HP: 34/34 MP: 3/3
   945 | D:2      | Reached ** piety under Trog
  1013 | D:2      | Found a white marble altar of Elyvilon.
  1504 | D:3      | Reached XP level 4. HP: 40/42 MP: 4/4
  1732 | D:3      | Noticed Robin
  1748 | D:3      | Killed Robin
  1787 | D:3      | Reached XP level 5. HP: 37/49 MP: 5/5
  1799 | D:3      | Noticed Grinder
  1843 | D:3      | Killed Grinder
  1843 | D:3      | Reached XP level 6. HP: 23/57 MP: 6/6
  2350 | D:4      | Noticed an ice beast
  2375 | D:4      | Killed an ice beast
  2375 | D:4      | Reached XP level 7. HP: 25/63 MP: 6/6
  2419 | D:4      | Reached skill level 5 in Dodging
  2489 | D:4      | Reached skill level 1 in Evocations
  2526 | D:4      | Reached skill level 5 in Armour
  2530 | D:4      | Reached skill level 5 in Maces & Flails
  2537 | D:4      | Reached *** piety under Trog
  2573 | D:4      | Killed from afar by an orc wizard

Skill      XL: |  1  2  3  4  5  6  7 |
---------------+----------------------+-----
Fighting       | 3 4 |  4.1
Dodging        | 3 4 5 |  5.3
Maces & Flails | 4 5 |  5.0
Armour         | 3 4 5 |  5.0
Evocations     | 1 |  1.0
Stealth        | |  0.3

Action                   |  1- 3 |  4- 6 |  7- 9 || total
-------------------------+-------+-------+-------++-------
Melee: Mace              |   121 |   183 |    76 ||   380
Invok: Berserk           |     1 |     1 |     1 ||     3
       Trog's Hand       |     1 |     1 |     1 ||     3
 Abil: Device Recharging |       |     1 |       ||     1
Evoke: Wand              |     2 |     3 |     3 ||     8
  Use: Scroll            |     2 |     3 |       ||     5
       Potion            |     1 |     1 |     1 ||     3
 Stab: Sleeping          |     1 |       |       ||     1
       Distracted        |       |     1 |       ||     1
  Eat: Chunk             |     2 |     5 |     1 ||     8
Armor: Animal skin       |    29 |     1 |       ||    30
       Ring mail         |       |    54 |       ||    54
       Plate armour      |       |    54 |    90 ||   144
Dodge: Dodged            |   106 |   161 |    61 ||   328
